[Event "Titled Tuesday Blitz March 22 Early 2022"]
[White "Lauridsen, Jesper Morch"]
[Black "Vovk, Orest"]
[WhiteFideId "1401890"]
[BlackFideId "14113490"]
[WhiteElo "2243"]
[BlackElo "2203"]
[Result "0-1"]
[Round "02"]
[TimeControl "180+1"]
[Date "2022.03.22"]
[WhiteClock "0:00:05"]
[BlackClock "0:00:06"]

1. e4 g5 2. d4 h6 3. h4 g4 4. Qxg4 d5 5. Qe2 dxe4 6. Nc3 Qxd4 7. Be3 Qb4 8. O-O-O Be6 9. Rd4 Qa5 10. Qb5+ Qxb5 11. Nxb5 Na6 12. Nc3 Bg7 13. Bxa6 bxa6 14. Rxe4 Nf6 15. Ra4 Ng4 16. Nf3 Nxe3 17. fxe3 Bf6 18. Rxa6 Rg8 19. Nb5 Rc8 20. Nxa7 Rb8 21. Nd4 Bd5 22. Nac6 Rc8 23. Rd1 Rxg2 24. Nb5 Be4 25. Ncd4 c5 0-1


[Site "https://www.chess.com"]

[Event "Titled Tuesday Blitz March 22 Early 2022"]
[White "Le, Tuan Minh"]
[Black "Atakhan, Abtin"]
[WhiteFideId "12401153"]
[BlackFideId "22502203"]
[WhiteElo "2450"]
[BlackElo "2119"]
[Result "1-0"]
[Round "02"]
[TimeControl "180+1"]
[Date "2022.03.22"]
[WhiteClock "0:00:05"]
[BlackClock "0:00:07"]

1. d4 Nf6 2. Nf3 d5 3. Bf4 c5 4. c3 Nc6 5. e3 Nh5 6. Be5 f6 7. Bg3 Qb6 8. Qc2 Nxg3 9. hxg3 e5 10. dxe5 fxe5 11. e4 dxe4 12. Ng5 Bf5 13. Nd2 Be7 14. Ngxe4 O-O-O 15. Nc4 Qc7 16. Ne3 Bg6 17. Be2 Kb8 18. Bf3 Bg5 19. Qe2 Be7 20. O-O h5 21. Rfd1 h4 22. Nd5 Qc8 23. Nxe7 Nxe7 24. Nd6 Qc7 25. Qxe5 hxg3 26. Qxg3 Bc2 27. Rd2 Nf5 28. Qg5 Rxd6 29. Rxc2 Nh4 30. Be4 Re6 31. Re2 Re5 32. Qg4 Qe7 33. Rae1 Reh5 34. g3 Rg5 35. Qf4+ Ka8 36. Bxb7+ Qxb7 37. Re8+ Qc8 38. Rxc8+ Rxc8 39. Qxh4 1-0


[Site "https://www.chess.com"]

[Event "Titled Tuesday Blitz March 22 Early 2022"]
[White "Lewtak, Damian"]
[Black "Danilenko, Dmitriy"]
[WhiteFideId "1141724"]
[BlackFideId "14120844"]
[WhiteElo "2362"]
[BlackElo "2606"]
[Result "0-1"]
[Round "02"]
[TimeControl "180+1"]
[Date "2022.03.22"]
[WhiteClock "0:00:39"]
[BlackClock "0:00:46"]

1. d4 f5 2. Nf3 Nf6 3. c4 g6 4. Nc3 Bg7 5. g3 O-O 6. Bg2 d6 7. O-O Qe8 8. Re1 Qf7 9. b3 Ne4 10. Bb2 c5 11. Qd3 Nc6 12. Nxe4 fxe4 13. Qxe4 cxd4 14. Qd5 Be6 15. Qb5 Rab8 16. Rf1 a6 17. Qb6 Bg4 18. h3 Bxf3 19. Bxf3 d3 20. Qe3 dxe2 21. Bd5 exf1=Q+ 22. Rxf1 Bxb2 23. Bxf7+ Rxf7 24. Kg2 Bd4 25. Qe4 e5 26. a3 Rbf8 27. f3 Kg7 28. b4 Ne7 29. h4 Nf5 30. Re1 h5 31. a4 Rc8 32. Rc1 Ne3+ 33. Kh3 Rxc4 34. Re1 Rc3 35. b5 axb5 36. axb5 Nc4 37. f4 Bf2 0-1


[Site "https://www.chess.com"]

[Event "Titled Tuesday Blitz March 22 Early 2022"]
[White "Ljukin, Sergei"]
[Black "Moroni, Luca Jr"]
[WhiteFideId "14102200"]
[BlackFideId "865834"]
[WhiteElo "2312"]
[BlackElo "2573"]
[Result "0-1"]
[Round "02"]
[TimeControl "180+1"]
[Date "2022.03.22"]
[WhiteClock "0:00:02"]
[BlackClock "0:00:09"]

1. e4 d6 2. d4 e5 3. dxe5 dxe5 4. Qxd8+ Kxd8 5. Bc4 f6 6. Nc3 c6 7. f4 Bd6 8. f5 Kc7 9. Nf3 Nd7 10. g4 h6 11. a4 a5 12. h4 Ne7 13. Bd2 Bb4 14. O-O-O Nc5 15. Rde1 Bxc3 16. bxc3 Nxa4 17. g5 hxg5 18. hxg5 Bd7 19. gxf6 gxf6 20. Reg1 Nc5 21. Rxh8 Rxh8 22. Rg7 Kd8 23. Ng5 Rh1+ 24. Kb2 b5 25. Be6 Bxe6 26. Nxe6+ Nxe6 27. fxe6 Rh3 28. Be1 Rf3 29. Rf7 Ng6 30. Ra7 Nf4 31. e7+ Ke8 32. c4 b4 33. Rxa5 Kxe7 34. Bxb4+ Kf7 35. Ra6 Re3 36. Rxc6 Rxe4 37. Bc3 Ne6 38. Kb3 f5 39. Rd6 f4 40. Rd1 f3 41. Rf1 Re3 42. Kb4 e4 43. c5 Re2 44. c6 Rxc2 0-1


[Site "https://www.chess.com"]

[Event "Titled Tuesday Blitz March 22 Early 2022"]
[White "Martin Duque, Jesus"]
[Black "Vasquez Schroeder, Rodrigo"]
[WhiteFideId "2208954"]
[BlackFideId "3400042"]
[WhiteElo "2243"]
[BlackElo "2561"]
[Result "1-0"]
[Round "02"]
[TimeControl "180+1"]
[Date "2022.03.22"]
[WhiteClock "0:00:44"]
[BlackClock "0:00:25"]

1. Nf3 c5 2. e4 d6 3. d4 cxd4 4. Nxd4 Nf6 5. Nc3 a6 6. Rg1 h6 7. g4 g5 8. b3 e6 9. Bb2 Be7 10. Qd2 Nbd7 11. O-O-O Ne5 12. Be2 Bd7 13. f4 gxf4 14. Qxf4 Nd5 15. Qg3 Bh4 16. Qh3 Nf4 17. Qf1 Nxe2+ 18. Qxe2 Qc7 19. Kb1 O-O-O 20. Rgf1 Rhf8 21. h3 Kb8 22. Qh2 Be7 23. Nce2 h5 24. gxh5 Rh8 25. Nf4 Rc8 26. Nf3 Rh7 27. Nxe5 dxe5 28. Nxe6 Qc6 29. Qxe5+ Ka8 30. Nd4 Qc5 31. Qxc5 Bxc5 32. Nf5 Bc6 33. Ng3 Rg8 34. Rf3 f5 35. Rxf5 Bb6 36. Rf3 Bc7 37. Rdd3 b5 38. Bc1 Bxg3 39. Rxg3 Rxg3 40. Rxg3 Bxe4 41. h6 Rc7 42. Rg8+ Kb7 43. Rg7 Bxc2+ 44. Kb2 Bh7 45. Bf4 Rxg7 46. hxg7 Kc6 47. Kc3 a5 48. h4 Bg8 49. a3 Kc5 50. Be3+ Kc6 51. h5 Kd5 52. h6 Kc6 53. Bf2 Kb7 54. Be1 Kc6 55. Kd4 a4 56. b4 Kd6 57. Bg3+ Kc6 58. Ke5 Kd7 59. Kf6 Ke8 60. Kg6 Bf7+ 61. Kh7 1-0


[Site "https://www.chess.com"]

[Event "Titled Tuesday Blitz March 22 Early 2022"]
[White "Martinez Alcantara, Jose Eduardo"]
[Black "Jary, Sergey"]
[WhiteFideId "3805662"]
[BlackFideId "14110350"]
[WhiteElo "2690"]
[BlackElo "2260"]
[Result "1-0"]
[Round "02"]
[TimeControl "180+1"]
[Date "2022.03.22"]
[WhiteClock "0:01:03"]
[BlackClock "0:00:02"]

1. e4 c5 2. Nf3 Nc6 3. Nc3 g6 4. Bc4 Bg7 5. d3 e6 6. a3 Nge7 7. Ba2 O-O 8. O-O d5 9. Re1 b6 10. Bf4 Bb7 11. e5 Rc8 12. Qd2 Nf5 13. Ne2 Qc7 14. Ng3 Nxg3 15. hxg3 Nd4 16. Nh2 Rcd8 17. c3 Nc6 18. Ng4 d4 19. Bh6 dxc3 20. bxc3 Nxe5 21. Nxe5 Bxe5 22. Bxf8 Rxf8 23. d4 cxd4 24. cxd4 Rd8 25. Rac1 Qd6 26. d5 Bxd5 27. Bxd5 Qxd5 28. Qxd5 Rxd5 29. Red1 Ra5 30. Rd3 Kg7 31. Kf1 b5 32. Rc5 Bf6 33. Rc7 Be5 34. Rb7 h5 35. Rf3 Bf6 36. Rd3 Be5 37. Ke2 a6 38. Kd1 g5 39. Rf3 1-0


[Site "https://www.chess.com"]

[Event "Titled Tuesday Blitz March 22 Early 2022"]
[White "Matlakov, Maxim"]
[Black "Krishnan, Varun"]
[WhiteFideId "4168003"]
[BlackFideId "5054508"]
[WhiteElo "2669"]
[BlackElo "2598"]
[Result "0-1"]
[Round "02"]
[TimeControl "180+1"]
[Date "2022.03.22"]
[WhiteClock "0:00:07"]
[BlackClock "0:00:07"]

1. e4 c5 2. Nf3 e6 3. g3 Nc6 4. Bg2 d5 5. exd5 exd5 6. O-O Nf6 7. d4 Be6 8. Nc3 h6 9. dxc5 Bxc5 10. a3 a6 11. b4 Ba7 12. Bb2 O-O 13. Ne2 Ne4 14. Nfd4 Nxd4 15. Nxd4 Re8 16. c4 Bxd4 17. Qxd4 Nf6 18. Rfd1 dxc4 19. Bxb7 Qxd4 20. Bxd4 Rad8 21. f3 Re7 22. Bc6 Rc7 23. Ba4 c3 24. Be5 Rxd1+ 25. Rxd1 Rc8 26. Rc1 Nd5 27. Bb3 Kh7 28. Kf2 f6 29. Bd4 Bg8 30. Re1 Kg6 31. h4 h5 32. Bc2+ Kh6 33. Be4 Rc4 34. Bc5 c2 35. Rc1 Nc3 36. Bd3 Nd1+ 37. Ke1 Rc3 38. Bxc2 Ne3 39. Kd2 Rxc2+ 40. Rxc2 Nxc2 41. Kxc2 Bd5 42. f4 Kg6 43. Kc3 Kf5 44. a4 Bc6 45. Kb3 Kg4 46. Bf2 Kf3 47. Be1 Ke2 48. Bc3 Kf2 49. f5 Kxg3 50. Be1+ Kg4 51. b5 axb5 52. a5 Kxf5 53. Kb4 g5 54. Kc5 Bg2 55. Kxb5 g4 56. Kc4 Kf4 57. Kd4 Ba8 58. a6 g3 59. a7 f5 60. Kc5 Kf3 61. Kd6 f4 62. Bb4 Ke2 63. Ke5 f3 64. Kf4 f2 65. Kxg3 f1=Q 66. Bc5 Qf3+ 67. Kh2 Qg2# 0-1


[Site "https://www.chess.com"]

[Event "Titled Tuesday Blitz March 22 Early 2022"]
[White "Melikhov, Evgeny V."]
[Black "Silva, Kaua Marques"]
[WhiteFideId "4122046"]
[BlackFideId "22701168"]
[WhiteElo "1945"]
[BlackElo "2071"]
[Result "0-1"]
[Round "02"]
[TimeControl "180+1"]
[Date "2022.03.22"]
[WhiteClock "0:00:07"]
[BlackClock "0:00:58"]

1. d4 Nf6 2. c4 e6 3. Nc3 d5 4. cxd5 exd5 5. Bg5 c6 6. Qc2 Bd6 7. e3 Rf8 8. Bd3 h6 9. Bh4 g5 10. Bg3 Be6 11. Nf3 a5 12. O-O-O Na6 13. a3 Nc7 14. Kb1 Qe7 15. Rc1 Nd7 16. Bxd6 Qxd6 17. e4 f6 18. exd5 Nxd5 19. Nxd5 Qxd5 20. Bc4 Qxc4 21. Qxc4 Bxc4 22. Rxc4 Nb6 23. Re1+ Kf7 24. Rc5 Nd5 25. h4 Rfe8 26. Rxe8 Kxe8 27. hxg5 hxg5 28. Nd2 Ke7 29. Rc1 Rf8 30. Ne4 Kd7 31. Nc5+ Kc8 32. Rh1 Rf7 33. Rh8+ Kc7 34. Kc2 Re7 35. Kd2 b6 36. Nd3 Re4 37. g3 Rxd4 38. Ke2 Re4+ 39. Kf3 Re7 40. Kg4 c5 41. Kf5 c4 42. Nc1 Kc6 43. Na2 Kc5 44. Nc3 Nxc3 45. bxc3 Re2 46. Kxf6 Rxf2+ 47. Kxg5 Rf3 48. g4 Rxc3 49. Kf6 Rxa3 50. g5 Rf3+ 51. Kg7 c3 52. g6 Kb4 53. Rc8 Rg3 54. Kf7 b5 55. g7 Kb3 56. Rc6 Rxg7+ 57. Kxg7 Kb2 58. Kf6 c2 59. Rc5 b4 0-1


[Site "https://www.chess.com"]

[Event "Titled Tuesday Blitz March 22 Early 2022"]
[White "Migot, Tangi"]
[Black "Samaganova, Aleksandra"]
[WhiteFideId "662445"]
[BlackFideId "13800221"]
[WhiteElo "2503"]
[BlackElo "1859"]
[Result "1-0"]
[Round "02"]
[TimeControl "180+1"]
[Date "2022.03.22"]
[WhiteClock "0:00:20"]
[BlackClock "0:00:02"]

1. Nf3 c5 2. g3 Nc6 3. d4 cxd4 4. Nxd4 Nf6 5. Bg2 e6 6. O-O d5 7. Nxc6 bxc6 8. c4 Be7 9. b3 O-O 10. Bb2 a5 11. Nc3 Ba6 12. Qc2 Qb8 13. Na4 Rd8 14. Rac1 Qb7 15. Rfd1 Rac8 16. Bc3 Qc7 17. Be1 d4 18. c5 Bb5 19. Nb6 Rb8 20. a4 Ba6 21. Bxa5 Re8 22. Rxd4 e5 23. Rd2 Bf8 24. b4 e4 25. Nd7 Qb7 26. Nxb8 Qxb8 27. e3 Bd3 28. Rxd3 exd3 29. Qxd3 Qe5 30. Bxc6 Rc8 31. Bf3 Qb2 32. Qc2 Qa3 33. c6 Bxb4 34. Bxb4 Qxb4 35. Qc4 Qa3 36. Rd1 h6 37. Bg4 Nxg4 38. Qxg4 Qf8 39. Rc1 Rc7 40. Qc4 Qd6 41. a5 Qa3 42. a6 Kh7 43. h4 g6 44. h5 gxh5 45. Kg2 Qa5 46. Qe4+ Kg7 47. Rd1 Qb5 48. Rd6 Qxa6 49. Qe5+ Kf8 50. Rd8# 1-0


[Site "https://www.chess.com"]

[Event "Titled Tuesday Blitz March 22 Early 2022"]
[White "MikeKorovin"]
[Black "Mikhalsky, Vladimir"]
[BlackFideId "14144352"]
[WhiteElo "2734"]
[BlackElo "2301"]
[Result "1-0"]
[Round "02"]
[TimeControl "180+1"]
[Date "2022.03.22"]
[WhiteClock "0:02:07"]
[BlackClock "0:01:02"]

1. Nf3 c5 2. b3 Nc6 3. Bb2 d6 4. e3 e5 5. d4 cxd4 6. exd4 e4 7. Nfd2 d5 8. c4 f5 9. cxd5 Nb4 10. Nc3 Nf6 11. Bb5+ Bd7 12. Bc4 Qa5 13. O-O Bd6 14. a3 Nbxd5 15. Nxd5 Nxd5 16. Nxe4 fxe4 17. Qh5+ g6 18. Qxd5 Qxd5 19. Bxd5 Bc6 20. Bxc6+ bxc6 21. d5 O-O 22. dxc6 Rab8 23. b4 a5 24. Rfd1 Bf4 25. g3 Bg5 26. c7 Rb7 27. Rd7 Rc8 28. Be5 axb4 29. axb4 Rxb4 30. Rg7+ Kf8 31. Rxh7 Ke8 32. Rd1 Rc4 33. Rh8+ Kf7 34. Rxc8 1-0


[Site "https://www.chess.com"]

[Event "Titled Tuesday Blitz March 22 Early 2022"]
[White "Mikhailovsky, Vladimir"]
[Black "Kubicka, Anna"]
[WhiteFideId "34105414"]
[BlackFideId "1152254"]
[WhiteElo "2371"]
[BlackElo "2000"]
[Result "0-1"]
[Round "02"]
[TimeControl "180+1"]
[Date "2022.03.22"]
[WhiteClock "0:00:03"]
[BlackClock "0:00:05"]

1. e4 c5 2. Nf3 d6 3. Nc3 Nf6 4. e5 dxe5 5. Nxe5 Bd7 6. a4 Nc6 7. Nc4 Nd4 8. Bd3 g6 9. O-O Bg7 10. Ne5 O-O 11. Nxd7 Qxd7 12. Bc4 e6 13. d3 Nd5 14. Nxd5 exd5 15. Ba2 Rfe8 16. c3 Ne2+ 17. Kh1 Nxc1 18. Rxc1 Re7 19. Qf3 Qxa4 20. Bxd5 Qb5 21. Rc2 Rae8 22. g3 Qd7 23. Kg2 Rd8 24. c4 Bd4 25. Re2 Rde8 26. Rxe7 Rxe7 27. b3 b6 28. h4 Re5 29. Be4 Qe7 30. Rd1 Kg7 31. Rd2 f5 32. Bd5 Bc3 33. Rc2 Bd4 34. h5 Qg5 35. hxg6 hxg6 36. Re2 Qe7 37. Rxe5 Qxe5 38. g4 fxg4 39. Qxg4 Qf5 40. Qg3 Qe5 41. Qf3 Qf5 42. Qe2 Qg5+ 43. Kf1 Qc1+ 44. Kg2 Qg5+ 45. Kh3 Qh6+ 46. Kg3 Qg5+ 47. Qg4 Bxf2+ 48. Kf3 Qxg4+ 49. Kxg4 Kf6 50. Be4 Bd4 51. Kf4 Bb2 52. Kg4 Bc1 53. Bf3 g5 54. Bc6 Ke5 0-1


[Site "https://www.chess.com"]

[Event "Titled Tuesday Blitz March 22 Early 2022"]
[White "Milchev, Nikolay"]
[Black "Tsydypov, Zhamsaran"]
[WhiteFideId "2906090"]
[BlackFideId "4108566"]
[WhiteElo "2449"]
[BlackElo "2614"]
[Result "0-1"]
[Round "02"]
[TimeControl "180+1"]
[Date "2022.03.22"]
[WhiteClock "0:00:18"]
[BlackClock "0:00:26"]

1. Nf3 Nf6 2. c4 g6 3. Nc3 Bg7 4. e4 d6 5. d4 O-O 6. h3 c5 7. d5 a6 8. a4 e6 9. Bd3 exd5 10. exd5 Re8+ 11. Kf1 Nbd7 12. g4 h5 13. g5 Nh7 14. Kg2 Ne5 15. Nxe5 Bxe5 16. f4 Bd4 17. Bd2 h4 18. a5 b5 19. axb6 Qxb6 20. Na4 Qb7 21. Qc2 Bd7 22. Nc3 Rab8 23. Ra2 Qc8 24. Ne4 Rb6 25. Bc3 Bf5 26. Bxd4 cxd4 27. Nf2 Re3 28. Bxf5 gxf5 29. Rd1 Rbb3 30. Ra3 Rxa3 31. bxa3 Rc3 32. Qe2 Qxc4 33. Qe8+ Nf8 34. g6 Qxd5+ 35. Kh2 fxg6 36. Rg1 Rg3 37. Rxg3 hxg3+ 38. Kxg3 d3 39. Qe3 d2 40. Qe2 Ne6 41. h4 Kf7 42. h5 a5 43. h6 Kg8 44. Qa6 Kh7 45. Qc8 Qb3+ 46. Kh2 Qe3 47. Nh3 d1=Q 48. Qxe6 Qde2+ 49. Kh1 Qxh3+ 0-1


[Site "https://www.chess.com"]

[Event "Titled Tuesday Blitz March 22 Early 2022"]
[White "Mkrtchyan, Mariam"]
[Black "Jannatul, Ferdous"]
[WhiteFideId "13310828"]
[BlackFideId "10212590"]
[WhiteElo "1984"]
[BlackElo "1707"]
[Result "1-0"]
[Round "02"]
[TimeControl "180+1"]
[Date "2022.03.22"]
[WhiteClock "0:02:26"]
[BlackClock "0:02:12"]

1. Nf3 c5 2. c4 d5 3. cxd5 Qxd5 4. Nc3 Qd8 5. g3 Nc6 6. Bg2 Nf6 7. O-O Bg4 8. d3 e6 9. Be3 Nd5 10. Bd2 Be7 11. Rc1 O-O 12. a3 Rc8 13. Ne4 b6 14. Qa4 Qc7 15. Nc3 Rfd8 16. Qxg4 Nd4 17. Nxd4 cxd4 18. Nxd5 1-0


[Site "https://www.chess.com"]

[Event "Titled Tuesday Blitz March 22 Early 2022"]
[White "Molina, Roberto Junio Brito"]
[Black "Gracia Alvarez, Gerardo Antonio"]
[WhiteFideId "2109450"]
[BlackFideId "5109124"]
[WhiteElo "2432"]
[BlackElo "2139"]
[Result "1-0"]
[Round "02"]
[TimeControl "180+1"]
[Date "2022.03.22"]
[WhiteClock "0:01:19"]
[BlackClock "0:00:18"]

1. d4 Nf6 2. c4 c5 3. d5 b5 4. cxb5 a6 5. b6 e6 6. Nc3 Nxd5 7. Nxd5 exd5 8. Qxd5 Nc6 9. Nf3 Be7 10. e3 O-O 11. Be2 Rb8 12. O-O Qxb6 13. Rd1 Bf6 14. Rb1 Bb7 15. Qf5 Ne7 16. Qc2 d5 17. b3 Rbc8 18. Bb2 Bxb2 19. Rxb2 Rfd8 20. h3 h6 21. Qc3 Nf5 22. Qe5 Qe6 23. Rc2 Nd6 24. Qxe6 fxe6 25. Rdc1 Ne4 26. Ne5 Rc7 27. Bd3 Rdc8 28. Bxe4 dxe4 29. Nc4 Kf8 30. Nd6 Rd8 31. Nxb7 Rxb7 32. Rxc5 Rd2 33. R5c2 Rxc2 34. Rxc2 Ke7 35. Rc4 Rd7 36. Rxe4 Rd1+ 37. Kh2 Rd2 38. Ra4 Rxf2 39. Kg3 Re2 40. Kf3 Rb2 41. Rxa6 Kf6 42. h4 h5 43. g3 Kf5 44. Ra5+ Kf6 45. Ra4 Ke5 46. b4 g6 47. Ra5+ Kd6 48. a3 Rb1 49. Rg5 Rb3 50. Rxg6 Rxa3 51. Rg5 1-0


[Site "https://www.chess.com"]

[Event "Titled Tuesday Blitz March 22 Early 2022"]
[White "Murzin, Volodar"]
[Black "Begunov, Konstantin"]
[WhiteFideId "44155573"]
[BlackFideId "4118510"]
[WhiteElo "2585"]
[BlackElo "2262"]
[Result "1-0"]
[Round "02"]
[TimeControl "180+1"]
[Date "2022.03.22"]
[WhiteClock "0:00:04"]
[BlackClock "0:00:02"]

1. e4 c5 2. Nf3 d6 3. Bb5+ Bd7 4. Bxd7+ Qxd7 5. O-O Nf6 6. Qe2 Nc6 7. b3 e6 8. Bb2 Be7 9. Rd1 O-O 10. d4 cxd4 11. Nxd4 Nxd4 12. Bxd4 Qc6 13. f3 b5 14. a4 a6 15. Nd2 bxa4 16. Rxa4 d5 17. exd5 Nxd5 18. Nc4 Bf6 19. Bxf6 Nxf6 20. Rd6 Qc5+ 21. Qf2 Qb5 22. Ra5 Qb4 23. Qd2 Qb7 24. Rg5 Nd5 25. Qd4 g6 26. h4 Rfc8 27. h5 Qe7 28. hxg6 hxg6 29. Qe5 Rd8 30. Rc6 Qa7+ 31. Kh1 Qf2 32. Rxe6 Qe1+ 33. Qxe1 Nf4 34. Rf6 1-0


[Site "https://www.chess.com"]

[Event "Titled Tuesday Blitz March 22 Early 2022"]
[White "Myshakov, Fyodor"]
[Black "Zhigalko, Sergei"]
[WhiteFideId "14111284"]
[BlackFideId "13502956"]
[WhiteElo "2310"]
[BlackElo "2662"]
[Result "0-1"]
[Round "02"]
[TimeControl "180+1"]
[Date "2022.03.22"]
[WhiteClock "0:00:02"]
[BlackClock "0:00:04"]

1. c4 e5 2. Nc3 Nf6 3. Nf3 Nc6 4. g3 Bb4 5. Nd5 Ba5 6. Bg2 O-O 7. O-O Re8 8. d3 h6 9. a3 Nxd5 10. cxd5 Nd4 11. Nxd4 exd4 12. b4 Bb6 13. Bb2 d6 14. Rc1 Bg4 15. Re1 a5 16. Rc4 axb4 17. axb4 Ra2 18. Bxd4 Raxe2 19. Rxe2 Bxe2 20. Qd2 Bxd4 21. Rxd4 Qf6 22. Rc4 Bf3 23. Rc1 Bxg2 24. Kxg2 Re7 25. Re1 Kf8 26. Re4 Qf5 27. Rxe7 Kxe7 28. Qe3+ Kd7 29. Qd4 g5 30. h3 h5 31. g4 hxg4 32. hxg4 Qe5 33. Qc4 f6 34. Qb5+ Kc8 35. Qc4 Kd8 36. Qb5 c6 37. Qxb7 Qxd5+ 38. Kg1 Qd4 39. Qxc6 Qxg4+ 40. Kf1 Qxb4 41. Qd5 Qb1+ 42. Kg2 Kc7 43. Qf7+ Kc6 44. Qc4+ Kd7 45. Qf7+ Kc6 46. Qc4+ Kb6 47. Qd4+ Kc7 48. Qc4+ Kb8 49. Qd4 Qb7+ 50. f3 Qe7 51. Qb4+ Kc7 52. Qc4+ Kd7 53. Qb5+ Ke6 54. Qc4+ d5 55. Qc8+ Kf7 56. Qf5 Qe2+ 57. Kg1 Qe1+ 58. Kg2 Qe2+ 59. Kg1 Qe5 60. Qh7+ Ke8 61. Qg8+ Kd7 62. Qf7+ Kc6 63. Qg6 Kc5 64. Kg2 Kd4 65. Kg1 Ke3 66. Kg2 Qb2+ 67. Kh1 Kf2 0-1


[Site "https://www.chess.com"]

[Event "Titled Tuesday Blitz March 22 Early 2022"]
[White "Neiksans, Arturs"]
[Black "Jeet, Jain"]
[WhiteFideId "11601388"]
[BlackFideId "5073022"]
[WhiteElo "2447"]
[BlackElo "2085"]
[Result "1-0"]
[Round "02"]
[TimeControl "180+1"]
[Date "2022.03.22"]
[WhiteClock "0:00:35"]
[BlackClock "0:00:01"]

1. e4 c5 2. Nf3 g6 3. d4 cxd4 4. Nxd4 Nc6 5. c4 Bg7 6. Be3 Nf6 7. Nc3 O-O 8. Be2 d6 9. O-O Nxd4 10. Bxd4 Bd7 11. Qd2 Bc6 12. f3 a5 13. b3 Nd7 14. Be3 Nc5 15. Rab1 Qb6 16. Rfc1 Rfc8 17. Rc2 h5 18. Bf1 Kh7 19. g3 Qd8 20. Bg2 Qh8 21. Re1 Be5 22. Bf2 Rd8 23. Nd5 e6 24. Nc3 Rac8 25. Rcc1 Rd7 26. Ne2 Rcd8 27. Qc2 Na6 28. Bb6 Nb4 29. Qd2 Ra8 30. a3 Na6 31. b4 axb4 32. axb4 Ba4 33. b5 Nb8 34. Bd4 d5 35. Bxe5 Qxe5 36. f4 Qd6 37. c5 Qe7 38. Qb4 b6 39. exd5 exd5 40. Nd4 bxc5 41. Rxc5 Qf8 42. Qc3 Rd8 43. f5 Nd7 44. Rc7 Rac8 45. fxg6+ fxg6 46. Ne6 Qe8 47. Qg7# 1-0


[Site "https://www.chess.com"]

[Event "Titled Tuesday Blitz March 22 Early 2022"]
[White "Nenezic, Marko"]
[Black "Namitbir Singh Walia"]
[WhiteFideId "912123"]
[BlackFideId "35071068"]
[WhiteElo "2457"]
[BlackElo "1565"]
[Result "1-0"]
[Round "02"]
[TimeControl "180+1"]
[Date "2022.03.22"]
[WhiteClock "0:02:19"]
[BlackClock "0:01:08"]

1. Nf3 d5 2. g3 c5 3. Bg2 Nc6 4. O-O Nf6 5. d3 g6 6. Nbd2 Bg7 7. e4 O-O 8. Re1 e5 9. a3 Bg4 10. h3 Be6 11. exd5 Nxd5 12. Nc4 Qc7 13. Ng5 Rad8 14. Nxe6 fxe6 15. a4 b6 16. Bg5 Qf7 17. Bxd8 Qxf2+ 18. Kh2 Rxd8 19. Rf1 Qd4 20. c3 1-0


[Site "https://www.chess.com"]

[Event "Titled Tuesday Blitz March 22 Early 2022"]
[White "Nikulina, Alena"]
[Black "Pesotskiy, Mikhail"]
[WhiteFideId "4172051"]
[BlackFideId "34164453"]
[WhiteElo "1778"]
[BlackElo "2010"]
[Result "0-1"]
[Round "02"]
[TimeControl "180+1"]
[Date "2022.03.22"]
[WhiteClock "0:00:38"]
[BlackClock "0:01:22"]

1. e4 e6 2. d4 d5 3. exd5 exd5 4. c4 Nf6 5. Nc3 Bb4 6. Nf3 O-O 7. Bd3 dxc4 8. Bxc4 Nbd7 9. O-O Nb6 10. Bb3 Re8 11. Bg5 Be6 12. Bc2 h6 13. Bh4 Be7 14. Qd3 Bc4 15. Qf5 g6 16. Qf4 Bxf1 17. Rxf1 Kg7 18. Ne5 Rf8 19. Re1 Nfd5 20. Bxe7 Nxf4 21. Bxd8 Raxd8 22. g3 Ne6 23. Nxg6 Nxd4 24. Nxf8 Nf3+ 25. Kf1 Nxe1 26. Kxe1 Kxf8 27. Nb5 c6 28. Nc3 Nc4 29. b3 Na3 30. Be4 a6 31. Na4 Re8 32. f3 f5 0-1


[Site "https://www.chess.com"]

[Event "Titled Tuesday Blitz March 22 Early 2022"]
[White "Pajeken, Jakob Leon"]
[Black "Urazayev, Arystanbek"]
[WhiteFideId "12942839"]
[BlackFideId "13709810"]
[WhiteElo "2351"]
[BlackElo "2393"]
[Result "1-0"]
[Round "02"]
[TimeControl "180+1"]
[Date "2022.03.22"]
[WhiteClock "0:00:27"]
[BlackClock "0:00:10"]

1. d4 Nf6 2. Nf3 g6 3. g3 Bg7 4. Bg2 O-O 5. O-O d6 6. b3 c5 7. c4 Ne4 8. Bb2 Nc6 9. e3 Bd7 10. Nbd2 Nxd2 11. Qxd2 Bg4 12. h3 Bf5 13. Nh4 Bd7 14. Rfd1 cxd4 15. exd4 Qc7 16. Rac1 a5 17. c5 dxc5 18. Rxc5 Qd6 19. Qc1 Nxd4 20. Bxd4 Bxd4 21. Rd5 Bxf2+ 22. Kxf2 Qf6+ 23. Qf4 Qxf4+ 24. gxf4 Bc6 25. Rc5 Bxg2 26. Nxg2 a4 27. b4 a3 28. Rd7 b6 29. Rc4 Rfc8 30. Ne3 e6 31. Ke2 Rxc4 32. Nxc4 Ra4 33. Kd3 Rxb4 34. Kc3 Ra4 35. Rd4 b5 36. Nd6 Ra5 37. Kb4 Ra4+ 38. Kc5 Ra8 39. Nxb5 Kg7 40. Kb4 Kf6 41. Nxa3 Kf5 42. Kb3 f6 43. Nb5 e5 44. fxe5 fxe5 45. Rc4 e4 46. Nd6+ Kf4 47. Rxe4+ Kg3 48. h4 Kf3 49. Rb4 h6 50. Nf7 h5 51. a4 Ra7 52. Ne5+ Kg3 53. Nxg6 Rg7 54. Nf4 Rh7 55. Ne6 Re7 56. Nd4 Re3+ 57. Kc4 Kxh4 58. Nf5+ Kh3 59. Nxe3 h4 60. a5 Kh2 61. a6 h3 62. a7 Kg1 63. a8=Q Kf2 64. Ng4+ Kg3 65. Qa3+ Kh4 66. Nf2 h2 67. Qh3+ Kg5 68. Qg4+ 1-0


[Site "https://www.chess.com"]

[Event "Titled Tuesday Blitz March 22 Early 2022"]
[White "Palchuk, Andrii"]
[Black "Popadic, Dragan"]
[WhiteFideId "14176688"]
[BlackFideId "913650"]
[WhiteElo "2319"]
[BlackElo "2222"]
[Result "1-0"]
[Round "02"]
[TimeControl "180+1"]
[Date "2022.03.22"]
[WhiteClock "0:00:43"]
[BlackClock "0:01:12"]

1. e4 c5 2. Nf3 Nc6 3. Bb5 e5 4. O-O d6 5. c3 Bd7 6. d4 Qc7 7. dxc5 dxc5 8. a4 a6 9. Bc4 Be7 10. Qb3 Nd8 11. Na3 Nf6 12. Bg5 O-O 13. Nc2 Nc6 14. Bxf6 Bxf6 15. Ne3 Na5 16. Qa2 Nxc4 17. Qxc4 b5 18. Qe2 bxa4 19. Rfd1 Bc6 20. Qc4 Bb5 21. Qa2 Qb8 22. Ng4 Ra7 23. Nxf6+ gxf6 24. Nh4 Rd7 25. Nf5 Rfd8 26. Rxd7 Rxd7 27. Qa3 Qb6 28. c4 Bc6 29. Qg3+ Kf8 30. Qg7+ Ke8 31. Qg8# 1-0


[Site "https://www.chess.com"]

[Event "Titled Tuesday Blitz March 22 Early 2022"]
[White "Perera Alfonso, Rene Humberto"]
[Black "Mangialardo, Tiago Carvalho"]
[WhiteFideId "3514722"]
[BlackFideId "2130718"]
[WhiteElo "2313"]
[BlackElo "2087"]
[Result "1-0"]
[Round "02"]
[TimeControl "180+1"]
[Date "2022.03.22"]
[WhiteClock "0:02:32"]
[BlackClock "0:00:15"]

1. e4 e5 2. Nf3 Nc6 3. Bb5 Bc5 4. O-O d6 5. c3 a6 6. Ba4 b5 7. Bb3 Be6 8. d4 exd4 9. cxd4 Bxb3 10. axb3 Bb6 11. Bg5 Nge7 12. Nc3 Qd7 13. Nxb5 O-O 14. Nc3 h6 15. Bh4 Ng6 16. Bg3 Rfe8 17. Re1 Qg4 18. h3 Qd7 19. Nd5 Reb8 20. Rc1 Na5 21. Qc2 Rb7 22. b4 1-0


[Site "https://www.chess.com"]

[Event "Titled Tuesday Blitz March 22 Early 2022"]
[White "Perez Gormaz, Matias"]
[Black "Avazkhonov, Alikhon"]
[WhiteFideId "3406342"]
[BlackFideId "14208504"]
[WhiteElo "2327"]
[BlackElo "1739"]
[Result "1-0"]
[Round "02"]
[TimeControl "180+1"]
[Date "2022.03.22"]
[WhiteClock "0:00:53"]
[BlackClock "0:00:03"]

1. e4 c5 2. Nf3 d6 3. g3 e6 4. Bg2 Nc6 5. O-O g6 6. d4 cxd4 7. Nxd4 Bg7 8. Nb5 Be5 9. Be3 a6 10. Nd4 Nge7 11. Nc3 O-O 12. f4 Bg7 13. Qd2 Nxd4 14. Bxd4 Nc6 15. Bxg7 Kxg7 16. Kh1 Qc7 17. Rad1 Rd8 18. f5 f6 19. Rf4 g5 20. Rf2 Ne5 21. Rdf1 Ng4 22. Re2 Ne5 23. h3 exf5 24. exf5 Rb8 25. Nd5 Qf7 26. Qa5 Bd7 27. b3 Bc6 28. c4 h5 29. Rd1 g4 30. h4 Re8 31. Rde1 Nf3 32. Bxf3 gxf3 33. Rf2 Rxe1+ 34. Qxe1 Re8 35. Qd1 Bxd5 36. cxd5 Re3 37. Rxf3 Qe7 38. Rxe3 Qxe3 39. Qxh5 Qe1+ 40. Kg2 Qd2+ 41. Kh3 Qxd5 42. Qg6+ Kf8 43. Qxf6+ Ke8 44. Qe6+ Qxe6 45. fxe6 Ke7 46. Kg4 Kxe6 47. Kf4 d5 48. Ke3 Ke5 49. g4 b5 50. h5 b4 51. h6 a5 52. h7 1-0


[Site "https://www.chess.com"]